 Dungeon Crawl Stone Soup version 0.31-a0-188-g5e087ee2ca (webtiles) character file.

Game seed: 2908271726746855855

46 qw the Shooter (level 3, -5/20 HPs)
             Began as a Deep Elf Hunter on June 22, 2023.
             Slain by a gnoll
             ... wielding a +0 flail
              (12 damage)
             ... on level 2 of the Dungeon.
             The game lasted 00:00:16 (948 turns).

qw the Shooter (Deep Elf Hunter)                     Turns: 948, Time: 00:00:16

Health: -5/20      AC:  3    Str:  8    XL:     3   Next: 44%
Magic:  5/5        EV: 12    Int: 13    God:
Gold:   40         SH:  0    Dex: 18    Spells: 2/2 levels left

rFire   . . .        Y - +0 shortbow
rCold   + . .        (shield currently unavailable)
rNeg    . . .        c - +0 leather armour
rPois   +            (no helmet)
rElec   .            (no cloak)
rCorr   .            (no gloves)
SInv    .            (no boots)
Will    .....        (no amulet)
Stlth   ++           h - ring of poison resistance
HPRegen 0.23/turn    i - ring of protection from cold
MPRegen 0.09/turn

%: no passive effects
@: no status effects
A: mutation resistance 1, weak 1
a: no special abilities


You were on level 2 of the Dungeon.
You visited 1 branch of the dungeon, and saw 2 of its levels.

You collected 40 gold pieces.


Innate Abilities, Weirdness & Mutations

You are somewhat resistant to further mutation.
You are weak. (Str -2)


   Skills:
 - Level 1.5 Fighting
 + Level 7.0 Ranged Weapons
 - Level 2.4 Dodging
 - Level 1.2 Stealth


You had 2 spell levels left.
You didn't know any spells.
Your spell library was empty.

Inventory:

Hand Weapons
 Y - a +0 shortbow (weapon)
Armour
 a - a +0 ring mail
 c - a +0 leather armour (worn)
Jewellery
 h - a ring of poison resistance (left hand)
 i - a ring of protection from cold (right hand)
Potions
 f - a potion of magic {unknown}
 j - a potion of mutation
 l - a potion of curing {unknown}
 m - a potion of brilliance {unknown}

Dungeon Overview and Level Annotations

Branches:
Dungeon (2/15)

Altars:


Message History

The gnoll shouts!
You shoot an arrow. The arrow closely misses the gnoll.
A gnoll comes into view. It is wielding a +0 flail.
The gnoll closely misses you.
You shoot an arrow. The arrow barely misses the gnoll.
The gnoll shouts!
The arrow hits the gnoll!
The gnoll is heavily wounded.
The gnoll barely misses you.
You shoot an arrow.
The arrow hits the gnoll but does no damage.
The gnoll is moderately wounded.
The gnoll hits you with a +0 whip!
You shoot an arrow. The arrow hits the gnoll.
The gnoll is severely wounded.
The gnoll hits you with a +0 whip.
You shoot an arrow. The arrow barely misses the gnoll.
The arrow closely misses the gnoll.
The arrow hits the gnoll!
The gnoll is severely wounded.
The gnoll barely misses you.
You shoot an arrow. The arrow barely misses the gnoll.
The arrow hits the gnoll.
The gnoll is almost dead.
You shoot an arrow.
The arrow hits the gnoll but does no damage.
The gnoll is severely wounded.
The gnoll hits you with a +0 whip.
You shoot an arrow. The arrow closely misses the gnoll.
The gnoll closely misses you. The gnoll misses you.
You shoot an arrow. The arrow hits the gnoll!
You kill the gnoll!
A hobgoblin comes into view. It is quivering atropa-tipped darts.
The gnoll barely misses you. The gnoll closely misses you. x2
Your Ranged Weapons skill increases to level 7!
You shoot an arrow. The hobgoblin shouts!
The arrow hits the gnoll but does no damage.
The gnoll is almost dead.
The gnoll misses you. The gnoll hits you with a +0 flail!
Ouch! That really hurt!
You die...

# ##### #.
.#######...##########
..........%..%>.....<...
....#######...#.........
.....#####...#...####..
#...##....#..## #.
#@......#..# .
#.)gg.........#
#.........[#..#
#...........>##..#
#.g#...#..##..#....
....#####....#...##).#
##. #.##. .... ### #
#.#####.>. ...


You could see 2 gnolls and a hobgoblin.

Vanquished Creatures
  2 gnolls (D:2)
  An adder (D:2)
  A worm (D:2)
  A bat (D:2)
  3 endoplasms
  2 hobgoblins (D:1)
  A ball python (D:1)
  A goblin (D:2)
  2 kobolds (D:1)
  2 rats (D:2)
16 creatures vanquished.

Notes
Turn   | Place    | Note
-------+----------+-------------------------------------------
     0 | D:1      | qw the Deep Elf Hunter began the quest for the Orb.
     0 | D:1      | Reached XP level 1. HP: 12/12 MP: 3/3
     0 | D:1      | 0 ||| qw: Version: 0.3-a-9-g12657ce
     0 | D:1      | 0 ||| qw: Game counter: 2931
     0 | D:1      | 0 ||| qw: Always use a shield: true
     0 | D:1      | 0 ||| qw: God list: Okawaru
     0 | D:1      | 0 ||| qw: Allow faded altars: false
     0 | D:1      | 0 ||| qw: Do Orc after D:15 true
     0 | D:1      | 0 ||| qw: Do second Lair branch before Depths: true
     0 | D:1      | 0 ||| qw: Lair rune preference: random
     0 | D:1      | 0 ||| qw: Plans: Normal
     0 | D:1      | 0 ||| PLANNING D:1-11
   840 | D:1      | 840 ||| UPGRADING to ring of poison resistance.
   841 | D:1      | 841 ||| UPGRADING to ring of protection from cold.
   842 | D:1      | 842 ||| DROPPING ring of magical power.
   843 | D:1      | 843 ||| READING scroll labelled GUISAKA ENYI.
   844 | D:1      | 844 ||| READING scroll labelled YPOATIMOETZ.
   845 | D:1      | 845 ||| READING scroll labelled PESOSOPEST.
   846 | D:1      | 846 ||| DRINKING 2 yellow potions.
   846 | D:1      | Gained mutation: You are weak. (Str -2) [potion of
                  | mutation]
   846 | D:1      | Gained mutation: You are somewhat resistant to further
                  | mutation. [potion of mutation]
   847 | D:1      | 847 ||| DROPPING scroll of butterflies.
   875 | D:2      | Reached XP level 2. HP: 16/16 MP: 4/4
   883 | D:2      | Reached skill level 6 in Ranged Weapons
   934 | D:2      | Reached XP level 3. HP: 20/20 MP: 5/5
   948 | D:2      | Reached skill level 7 in Ranged Weapons
   948 | D:2      | Slain by a gnoll

Levels and vault maps discovered:
D:1:      nzn_arrival_crosshair, layout_loops_corners, serial_park_tiny_pond,
          lemuel_flame_loot_1
D:2:      cheibrodos_pilgrimage, layout_rooms, basic_altar,
          minmay_close_crescents, uniq_terence

Skill      XL: |  1  2  3 |
---------------+----------+-----
Ranged Weapons | 6 7 |  7.0
Fighting       | |  1.5
Dodging        | |  2.4
Stealth        | |  1.2

Action                     || total
---------------------------++-------
   Fire: Shortbow          ||    59
    Use: Scroll            ||     3
         Potion            ||     1
 Armour: Leather armour    ||     7
  Dodge: Dodged            ||    20

Table legend:
 A = Non-vault XP
 B = Vault XP
 C = Vault XP percentage of total XP
 D = Non-vault monster count
 E = Vault monster count
 F = Vault count percentage of total count
                 A         B        C        D         E       F
            +---------+---------+-------+---------+---------+-------
      Total |      47 |      19 |  28.8 |      11 |       5 |  31.2
            +---------+---------+-------+---------+---------+-------
        D:1 |      11 |       0 |   0.0 |       7 |       0 |   0.0
        D:2 |      36 |      19 |  34.5 |       4 |       5 |  55.6
            +---------+---------+-------+---------+---------+-------
